Map: Odyssee LE

Players

Yokonisos - Winner!

  • Race: Zerg Zerg
  • Spawn Location: 5:00

Panda

  • Race: Zerg Zerg
  • League: Diamond
  • Spawn Location: 11:00

VOD

Have the link to the VOD?

Description

Time

  • Played on: Sept. 9, 2017, 5:59 p.m.
  • Length: 9:18
Show
View Real Time Build Order
Export as new Build Order

Yokonisos Zerg - Winner!

Build Orders: Pool First 

Get SALT Encoding   

  12  0:01  Drone  
  13  0:15  Drone  
  13  0:17  Overlord  
  14  0:23  Extractor  
  14  0:24  Drone  
  15  0:36  Drone  
  15  0:37  Drone  
  17  0:46  Spawning Pool  
  17  0:48  Drone  
  17  0:51  Extractor  
  16  0:58  Drone  
  17  1:09  Drone  
  18  1:25  Hatchery  
  17  1:33  Zergling x2  
  17  1:34  Zergling x2  
  17  1:38  Queen  
  21  1:46  Overlord  
  21  1:54  Metabolic Boost  
  21  2:08  Zergling x4  
  23  2:13  Queen  
  25  2:20  Drone, Evolution Chamber  
  25  2:49  Baneling Nest  
  22  2:55  Zergling x4  
  22  2:56  Zergling x10  
  29  3:04  Overlord  
  22  3:40  Zergling x10  
  24  3:49  Zerg Ground Armor Level 1  
  24  3:50  Drone x2  
  24  3:51  Drone  
  27  4:00  Baneling  
  27  4:01  Baneling x2  
  27  4:10  Baneling  
  23  4:21  Drone x3  
  19  4:35  Zergling x2  
  19  4:39  Spine Crawler  
  18  4:47  Drone  
  19  4:57  Baneling x2  
  19  4:58  Zergling x2  
  19  5:27  Baneling x2  
  19  5:29  Drone, Zergling x6  
  19  5:30  Zergling x2  
  23  5:45  Zergling x2  
  23  5:48  Baneling  
  23  5:49  Baneling  
  23  5:59  Drone  
  21  6:41  Zergling x2  
  21  6:42  Zergling x10  
  24  6:56  Baneling x2  
  24  6:57  Drone, Baneling x2  
  25  7:09  Overlord  
  25  7:11  Drone x3  
  27  7:39  Hatchery  
  26  7:53  Drone x3  
  26  7:57  Drone x2  
  31  8:01  Zergling x2  
  32  8:13  Baneling x4  
  32  8:21  Drone x2  
  34  8:28  Drone x2  
  34  8:29  Drone  
  37  8:36  Drone  
Show
View Real Time Build Order
Export as new Build Order

Panda Zerg 

Build Orders: Pool First, Zergling Baneling 

Get SALT Encoding   

  12  0:01  Drone  
  13  0:14  Extractor  
  12  0:24  Spawning Pool  
  11  0:33  Drone x2  
  13  0:37  Drone  
  14  1:13  Overlord  
  14  1:26  Metabolic Boost  
  14  1:33  Queen  
  14  1:34  Zergling x2  
  14  1:35  Zergling x4  
  19  1:45  Zergling x2  
  20  1:48  Baneling Nest  
  19  1:56  Zergling x2  
  20  2:09  Zergling x2  
  21  2:17  Overlord  
  21  2:28  Zergling x2  
  22  2:33  Baneling x2  
  22  2:39  Baneling x2  
  22  2:40  Zergling x2  
  23  2:50  Zergling x6  
  25  3:17  Zergling x4  
  25  3:18  Zergling x6  
  29  3:20  Baneling  
  23  3:41  Zergling x4  
  24  3:49  Baneling  
  24  3:50  Baneling x3  
  24  4:03  Zergling x4  
  21  4:22  Zergling x4  
  22  4:29  Baneling x3  
  22  4:31  Zergling x6  
  24  4:45  Spine Crawler  
  23  4:49  Evolution Chamber  
  23  4:52  Zergling x8  
  25  5:19  Zergling x6  
  24  5:26  Zergling x6  
  24  5:28  Baneling x3  
  26  5:41  Zergling x2  
  20  5:57  Zergling x6  
  20  6:02  Baneling x3  
  20  6:03  Baneling x2  
  23  6:10  Queen  
  22  6:20  Zergling x2  
  22  6:21  Zergling x2  
  21  6:35  Drone  
  19  6:53  Drone  
  19  6:54  Drone x3  
  19  7:08  Zergling x2  
  20  7:17  Roach Warren  
  20  7:19  Zergling x4  
  21  7:30  Baneling  
  21  7:41  Baneling  
  20  7:46  Drone x5  
  25  8:10  Hatchery  
  24  8:22  Drone x4  
  28  8:35  Overlord, Evolution Chamber  
Tags
 
League
Diamond
Matchup
ZvZ
Race
Zerg
Replay Pack
replays1
Spawn Locations
Cross Positions
Add a new tag
Caveats
  • Supply blocks, unpowered buildings, or Contaminate may cause inaccurate times.
  • Supply counts are checked every 10 seconds.